 Dungeon Crawl Stone Soup version 0.31-a0-1-g4198be8af4 (webtiles) character file.

Game seed: 13868887102685778583

27 qeuew the Trooper (level 2, -3/24 HPs)
             Began as a Demonspawn Monk on May 1, 2023.
             Slain by Jessica
             ... wielding a +0 club
              (5 damage)
             ... on level 2 of the Dungeon.
             The game lasted 00:01:07 (613 turns).

qeuew the Trooper (Demonspawn Monk)                  Turns: 613, Time: 00:01:07

Health: -3/24      AC:  3    Str: 10 (11) XL:     2   Next: 93%
Magic:  2/2        EV: 13    Int:  9 (11) God:
Gold:   24         SH:  4    Dex: 18 (21) Spells: 1/1 levels left

rFire   . . .        a - +0 mace
rCold   . . .        d - orb {light}
rNeg    . . .        b - +1 robe
rPois   .            (no helmet)
rElec   .            (no cloak)
rCorr   .            (no gloves)
SInv    .            (no boots)
Will    .....        (no amulet)
Stlth   +            f - +6 ring of dexterity
HPRegen 0.24/turn    (no ring)
MPRegen 0.08/turn

%: no passive effects
@: glowing, invisible (but backlit and visible)
A: condensation shield
a: no special abilities


You were on level 2 of the Dungeon.
You visited 1 branch of the dungeon, and saw 2 of its levels.

You collected 24 gold pieces.

Inventory:

Hand Weapons
 a - a +0 mace (weapon)
Armour
 b - a +1 robe (worn)
 d - an orb of light (worn)
Jewellery
 f - a +6 ring of dexterity (left hand)
Potions
 c - a potion of ambrosia


   Skills:
 + Level 3.2 Fighting
 * Level 3.2 Maces & Flails
 + Level 0.8 Armour
 + Level 2.9 Dodging


You had one spell level left.
You didn't know any spells.
Your spell library was empty.

Dungeon Overview and Level Annotations

Branches:
Dungeon (2/15)

Altars:

Annotations:
D:2 Jessica


Innate Abilities, Weirdness & Mutations

A meltable shield of frost defends you. (SH +4)


Message History

Jessica blinks!
The goblin hits you with a +0 club.
You closely miss the goblin.
Jessica grins evilly.
The goblin misses you. You block the goblin's attack.
You sock the goblin!
You kill the goblin!
You hit the hobgoblin.
The hobgoblin is almost dead.
The hobgoblin hits you.
Unknown command.
You sock the hobgoblin!
You kill the hobgoblin!
Unknown command.
Jessica mumbles some strange words.
Jessica blinks!
Items here: ) ? ††.
Okay, then.
Unknown command.
You aren't carrying any scrolls.
You hit Jessica.
Jessica is moderately wounded.
Jessica hits you with a +0 club. Jessica barely misses you.
You hit Jessica.
Jessica is heavily wounded.
Jessica mumbles some strange words.
Jessica blinks!
Items here: ) ? ††.
Jessica hits you with a +0 club.
* * * LOW HITPOINT WARNING * * *
You hit Jessica but do no damage.
Jessica is heavily wounded.
You block Jessica's attack.
You barely miss Jessica.
Jessica is heavily wounded.
Jessica hits you with a +0 club.
* * * LOW HITPOINT WARNING * * *
You hit Jessica.
Jessica is heavily wounded.
Jessica drinks a potion.
Jessica is healed!
Jessica hits you with a +0 club.
You die...

##.## ########## #.#.
#........###..#
#.######.##...## #.#
#.#.....#### #.#
#.##.......# #.#
#......# #.# #####@##
#####.#### #@#
#........# ##?####.#
#.###.##.# #.......#
#.###.##.# #.....####
#.##...#.# #.......#
#.##.....###.........#
...........+.........'.
#.##.....###.........###
#........# ##.......##


You could see Jessica.

Vanquished Creatures
  A dart slug (D:1)
  3 endoplasms (D:1)
  2 goblins
  2 hobgoblins
  6 jackals (D:1)
  2 quokkas
  A frilled lizard (D:1)
  4 rats
21 creatures vanquished.

Notes
Turn   | Place    | Note
-------+----------+-------------------------------------------
     0 | D:1      | qeuew the Demonspawn Monk began the quest for the Orb.
     0 | D:1      | Reached XP level 1. HP: 18/18 MP: 1/1
   101 | D:1      | Gained mutation: A meltable shield of frost defends you.
                  | (SH +4) [demonic ancestry]
   101 | D:1      | Reached XP level 2. HP: 22/24 MP: 2/2
   591 | D:2      | Noticed Jessica
   613 | D:2      | Slain by Jessica

Illustrated notes

Levels and vault maps discovered:
D:1:      elethiomel_arrival_quiet, layout_rooms, grunt_decor_one_mirror
D:2:      layout_loops_corners, uniq_jessica, uniq_sigmund

Skill      XL: |  1  2 |
---------------+-------+-----
Maces & Flails | 3 |  3.2
Fighting       | |  3.2
Armour         | |  0.8
Dodging        | |  2.9

Action                     || total
---------------------------++-------
  Melee: Mace              ||    64
    Use: Scroll            ||     3
         Potion            ||     3
 Armour: Robe              ||     6
  Dodge: Dodged            ||    42
  Block: Orb               ||    13

Table legend: (Time is in decaauts)
 A = Elapsed time spent in this place.
 B = Non-inter-level travel time spent in this place.
 C = Inter-level travel time spent in this place.
 D = Time resting spent in this place.
 E = Time spent auto-exploring this place.
 F = Levels seen in this place.
 G = Mean time per level.
                   A        B        C        D        E       F      G
               +--------+--------+--------+--------+--------+-----+--------+
         Total |    627 |    618 |      9 |      2 |    470 |   2 |  313.5 |
       Dungeon |    627 |    618 |      9 |      2 |    470 |   2 |  313.5 |
               +--------+--------+--------+--------+--------+-----+--------+

Top non-repeatable levels by time:
     D:1: 523 daAuts
     D:2: 103 daAuts
